 Dungeon Crawl Stone Soup version 0.25-a0-701-gb30f108f01 (webtiles) character file.

Game seed: 7824901547072621719, levelgen mode: deterministic

1455 Amnesiac the Thaumaturge (level 8, -1/41 HPs)
             Began as a Deep Elf Wizard on Apr 4, 2020.
             Slain by a hound (3 damage)
             ... on level 6 of the Dungeon.
             The game lasted 00:13:21 (6936 turns).

Amnesiac the Thaumaturge (Deep Elf Wizard)          Turns: 6936, Time: 00:13:22

Health: -1/41      AC:  4    Str:  4    XL:     8   Next: 47%
Magic:  0/34       EV: 13    Int: 26    God:
Gold:   213        SH:  4    Dex: 13    Spells: 19/30 levels left

rFire    + . .     SeeInvis .   a - +3 dagger (drain)
rCold    + . .     Gourm    .   j - -1 buckler (curse)
rNeg     . . .     Faith    .   f - +1 robe {rC+ rF+}
rPois    .         Spirit   +   (no helmet)
rElec    .         Reflect  .   m - scarf {Spirit}
rCorr    .         Harm     .   l - +0 pair of gloves
MR       .....                  (no boots)
Stlth    +.........             (no amulet)
HPRegen  0.13/turn              x - ring of magical power
MPRegen  0.24/turn              t - ring of attention (curse)

@: no status effects
A: no striking features
a: no special abilities


You were on level 6 of the Dungeon.
You were not hungry.

You visited 1 branch of the dungeon, and saw 6 of its levels.
You also visited: Sewer.

You collected 213 gold pieces.

Inventory:

Hand Weapons
 a - a +3 dagger of draining (weapon)
 b - a +2 whip of electrocution
Missiles
 v - 8 javelins (quivered)
Armour
 f - a +1 robe of resistance (worn)
 j - a cursed -1 buckler (worn)
 l - a +0 pair of gloves (worn)
 m - a scarf of spirit shield (worn)
 w - a +1 robe of magic resistance
 y - a +2 buckler of poison resistance
Jewellery
 p - a +3 ring of dexterity
 t - a cursed ring of attention (right hand)
 x - a ring of magical power (left hand)
 B - an uncursed amulet of the acrobat {unknown}
Scrolls
 g - 6 scrolls of teleportation {!r}
 o - 4 scrolls of fear {!r}
 s - 2 scrolls of blinking {!r}
 z - a scroll of identify {!r, unknown}
 A - a scroll of enchant weapon {!r}
 C - a scroll of remove curse {!r}
 D - a scroll of fog {!r, unknown}
Potions
 c - 2 potions of lignification {!q, unknown}
 e - a potion of magic {!q, unknown}
 h - 2 potions of curing {!q, unknown}
 i - 2 potions of brilliance {!q, unknown}
 k - 2 potions of stabbing {!q, unknown}
 n - 2 potions of mutation {!q, unknown}
 q - 2 potions of flight {!q, unknown}
 r - a potion of berserk rage {!q, unknown}
 u - 2 potions of haste {!q, unknown}
Comestibles
 d - 8 rations


   Skills:
 - Level 2.4 Dodging
 - Level 2.4 Stealth
 - Level 5.1 Shields
 + Level 11.6 Spellcasting
 - Level 1.1 Conjurations
 - Level 1.1 Summonings
 - Level 1.1 Translocations


You had 19 spell levels left.
You knew the following spells:

 Your Spells              Type           Power        Failure   Level  Hunger
a - Magic Dart            Conj           ###.         2%          1    None
b - Call Imp              Summ           ###.....     3%          2    None
e - Mephitic Cloud        Conj/Pois/Air  ###.....     10%         3    None
s - Conjure Flame         Conj/Fire      ###.....     10%         3    None
v - Blink                 Tloc           N/A          3%          2    None

Your spell library contained the following spells:

 Spells                   Type           Power        Failure   Level  Hunger
 Corona                   Hex            ###....      4%          1    None
 Ensorcelled Hibernation  Hex/Ice        ###...       6%          2    None
 Slow                     Hex            ###.....     6%          2    None
 Dazzling Flash           Conj/Hex       ###...       10%         3    None
 Confusing Touch          Hex            ###.....     12%         3    None
 Tukima's Dance           Hex            ###.....     12%         3    None


Dungeon Overview and Level Annotations

Branches:
Dungeon (6/15)              Sewer (visited)
 Temple: D:4-7

Altars:
Ashenzari
Fedhas
Gozag
Kikubaaqudgha
Nemelex Xobeh
Qazlal
Sif Muna

Annotations:
D:2 exclusion: oklob plant
D:4 Menkaure


Message History

You are more confused.
* * * LOW HITPOINT WARNING * * *
The crocodile is engulfed in noxious fumes.
The crocodile appears confused.
A hound comes into view.
You bump into the rock wall.
The hound barks!
You bump into the rock wall.
A giant cockroach comes into view.
You bump into the rock wall.
The crocodile bites you!
* * * LOW HITPOINT WARNING * * *
You're too confused to move!
The crocodile misses you.
Unknown command.
You hit the crocodile but do no damage. You drain the crocodile.
The crocodile is almost dead.
You're too confused to move!
You feel less confused. The crocodile bites you!
* * * LOW HITPOINT WARNING * * *
The crocodile barely misses the hound.
The crocodile bites itself but does no damage.
Casting: Mephitic Cloud (safe; 11% risk of failure)
Confirm with . or Enter, or press ? or * to list all spells.
Aiming: Magic Dart (safe; 2% risk of failure)
Press: ? - help, Shift-Dir - straight line, f/p - crocodile
Aim: a crocodile (almost dead, confused, lightly drained)
The magic dart hits the crocodile.
The crocodile is almost dead.
Unknown command.
Unknown command.
Casting: Magic Dart (safe; 2% risk of failure)
Confirm with . or Enter, or press ? or * to list all spells.
Aiming: Magic Dart (safe; 2% risk of failure)
Press: ? - help, Shift-Dir - straight line, f/p - crocodile
Aim: a crocodile (almost dead, confused, lightly drained)
The magic dart hits the crocodile.
You kill the crocodile!
Unknown command.
Unknown command.
Casting: Magic Dart (safe; 2% risk of failure)
Confirm with . or Enter, or press ? or * to list all spells.
You don't have enough magic to cast that spell.
Unknown command.
Casting: Magic Dart (safe; 2% risk of failure)
Confirm with . or Enter, or press ? or * to list all spells.
Aiming: Mephitic Cloud (safe; 10% risk of failure)
Press: ? - help, Shift-Dir - straight line, f - hound
Aim: a hound That beam is likely to hit you.
Continue anyway?
Okay, then.
Unknown command.
You open the door. The hound barely misses you. x2
Unknown command.
There is an open door here.
The hound bites you.
Casting: Mephitic Cloud (safe; 10% risk of failure)
Confirm with . or Enter, or press ? or * to list all spells.
You don't have enough magic to cast that spell.
Unknown command.
You hit the hound but do no damage. You block the hound's attack.
You barely miss the hound. The hound bites you.
* * * LOW HITPOINT WARNING * * *
The hound bites you.
You die...

#.......................
#.#.####.###.#.#..#...!.
#.#.#....# #.#.#..#####.
..#.#.#### #.#.#....
###.#.# #.#.#.#.#.#
#.#.# #........... #.#.#
#.#.##+##.## #.#.#
#...#...#.. #.#.#
#.#sh@..+ ###.#.#
#...#...# ....#.#
#...#.##+## ....#.#
#.#.... #.#.#.# #.#.#.#
#...#.# #.#.... #.#.#.#
#.# ### #.###.####.#
...........#


You could see a hound and a giant cockroach.

Vanquished Creatures
  Pikel (D:4)
  Purgy (Sewer)
  A slave (D:4)
  A phantom (D:4)
  A sky beast (D:5)
  A crocodile (D:6)
  A bullfrog (D:6)
  A scorpion (D:6)
  A howler monkey (D:5)
  A crimson imp (D:5)
  A hound (D:5)
  An orc priest (D:4)
  2 iguanas
  Jessica (D:4)
  Natasha (twice) (D:4)
  3 orc wizards
  2 worker ants
  9 adders
  A river rat (D:4)
  4 worms
  2 dart slugs
  4 leopard geckos
  6 orcs (D:4)
  9 giant cockroaches
  8 goblins
  8 hobgoblins
  6 jackals
  8 kobolds
  7 quokkas
  A ball python (D:2)
  13 bats
  5 frilled lizards
  A quokka skeleton (D:4)
  11 rats
125 creatures vanquished.

Vanquished Creatures (collateral kills)
  An adder (D:1)
  A worm (D:3)
  A ball python (D:2)
3 creatures vanquished.

Vanquished Creatures (others)
  A jelly (D:4)
  Natasha (D:4)
  A giant cockroach (D:4)
  A quokka (D:4)
4 creatures vanquished.

Grand Total: 132 creatures vanquished

Notes
Turn   | Place    | Note
-------+----------+-------------------------------------------
     0 | D:1      | Amnesiac the Deep Elf Wizard began the quest for the Orb.
     0 | D:1      | Reached XP level 1. HP: 10/10 MP: 7/7
   353 | D:1      | Reached skill level 5 in Spellcasting
   420 | D:1      | Reached XP level 2. HP: 15/15 MP: 1/10
   435 | D:1      | Learned a level 2 spell: Blink
   438 | D:1      | Learned a level 2 spell: Call Imp
  1468 | D:2      | Reached XP level 3. HP: 19/19 MP: 9/12
  1514 | D:1      | Learned a level 3 spell: Conjure Flame
  1518 | D:1      | Learned a level 3 spell: Mephitic Cloud
  1534 | D:1      | Reached skill level 6 in Spellcasting
  1864 | D:2      | Reached XP level 4. HP: 16/24 MP: 3/14
  2048 | D:2      | Reached skill level 7 in Spellcasting
  2349 | D:2      | Found a blossoming altar of Fedhas.
  2359 | D:2      | Noticed an oklob plant
  2992 | D:3      | Found an ancient bone altar of Kikubaaqudgha.
  3406 | D:3      | Found a sparkling altar of Nemelex Xobeh.
  3468 | D:3      | Reached skill level 1 in Shields
  3468 | D:3      | Reached XP level 5. HP: 28/28 MP: 12/17
  4120 | D:4      | Noticed Pikel
  4122 | D:4      | Noticed a slave
  4123 | D:4      | Noticed a slave
  4123 | D:4      | Noticed a slave
  4161 | D:4      | Killed a slave
  4173 | D:4      | Killed Pikel
  4173 | D:4      | Reached skill level 5 in Shields
  4173 | D:4      | Reached XP level 6. HP: 3/32 MP: 0/18
  4173 | D:4      | Reached XP level 7. HP: 4/36 MP: 0/20
  4382 | D:4      | Found a glowing drain.
  4388 | Sewer    | Entered a sewer
  4395 | Sewer    | Noticed Purgy
  4423 | Sewer    | Killed Purgy
  4423 | Sewer    | Reached skill level 8 in Spellcasting
  4618 | D:4      | Noticed Natasha
  4625 | D:4      | Killed Natasha
  4714 | D:4      | Reached skill level 9 in Spellcasting
  4995 | D:4      | Noticed Jessica
  5004 | D:4      | Killed Jessica
  5013 | D:4      | Found a shimmering blue altar of Sif Muna.
  5163 | D:4      | Noticed Natasha
  5167 | D:4      | Noticed Menkaure
  5171 | D:4      | Killed Natasha
  5171 | D:4      | Reached XP level 8. HP: 40/41 MP: 22/23
  5183 | D:4      | Killed Natasha
  5701 | D:5      | Identified a paperback manual
  5701 | D:5      | Entered Level 5 of the Dungeon
  5831 | D:5      | Reached skill level 10 in Spellcasting
  5955 | D:5      | Found a shattered altar of Ashenzari.
  6427 | D:5      | Found an opulent altar of Gozag.
  6647 | D:6      | Found a stormy altar of Qazlal.
  6648 | D:6      | Noticed an air elemental
  6684 | D:6      | Reached skill level 11 in Spellcasting
  6936 | D:6      | HP: 2/41 [hound (3)]
  6936 | D:6      | Slain by a hound

Levels and vault maps discovered:
D:1:      kennysheep_arrival_forest, layout_basic
D:2:      minmay_wonky_spiral, layout_rooms, tgw_fedhas, first_ration
D:3:      layout_loops_ring, lemuel_crystal_altar,
          nemelex_xobeh_ov_fountains_minmay, minmay_hedge_maze,
          chequers_big_river, kennysheep_cluttered_room
D:4:      layout_loops_corners, nicolae_ossuary_entry_ruins,
          gup_sewer_entry_bubbles, nrook_campfire, grunt_ministairs_3,
          chequers_serial_rivers_large_a, tgw_sif, uniq_menkaure, uniq_natasha,
          uniq_pikel
D:5:      layout_loops_ring, grunt_gozag_breadcrumbs,
          cheibrodos_ashenzari_chains
D:6:      layout_basic, nicolae_tso_carved_into_rock, minmay_temple_entry_glass,
          minmay_misc_feat_doors, nicolae_qazlal_style_of_elements

Skill      XL: |  1  2  3  4  5  6  7  8 |
---------------+-------------------------+-----
Spellcasting   | 5 6 7 9 11 | 11.6
Shields        | 1 5 |  5.1
Dodging        | |  2.4
Stealth        | |  2.4
Conjurations   | |  1.1
Summonings     | |  1.1
Translocations | |  1.1

Action                   |  1- 3 |  4- 6 |  7- 9 || total
-------------------------+-------+-------+-------++-------
Melee: Unarmed           |     3 |     3 |       ||     6
       Dagger            |       |    28 |    82 ||   110
       Whip              |       |       |    26 ||    26
 Fire: Hunting sling     |       |    65 |       ||    65
Throw: Javelin           |       |     1 |       ||     1
 Cast: Magic Dart        |    98 |    64 |   110 ||   272
       Call Imp          |     4 |     2 |     1 ||     7
       Mephitic Cloud    |     1 |    11 |    14 ||    26
       Blink             |       |     1 |     3 ||     4
       Conjure Flame     |       |       |     5 ||     5
  Use: Scroll            |       |     6 |     5 ||    11
 Stab: Confused          |       |     1 |     7 ||     8
       Sleeping          |       |     1 |       ||     1
  Eat: Chunk             |     3 |     6 |     7 ||    16
       Ration            |       |       |     1 ||     1
Armor: Robe              |     3 |     7 |    17 ||    27
Dodge: Dodged            |    25 |    27 |    68 ||   120
Block: Buckler           |       |    15 |    31 ||    46

Table legend:
 A = Non-vault XP
 B = Vault XP
 C = Vault XP percentage of total XP
 D = Non-vault monster count
 E = Vault monster count
 F = Vault count percentage of total count
                 A         B        C        D         E       F
            +---------+---------+-------+---------+---------+-------
      Total |    1261 |     818 |  39.3 |     106 |      21 |  16.5
            +---------+---------+-------+---------+---------+-------
        D:1 |      46 |       0 |   0.0 |      24 |       0 |   0.0
        D:2 |      90 |      17 |  15.9 |      23 |       3 |  11.5
        D:3 |      94 |       0 |   0.0 |      24 |       0 |   0.0
        D:4 |     399 |     663 |  62.4 |      23 |      12 |  34.3
        D:5 |     326 |       0 |   0.0 |       8 |       0 |   0.0
        D:6 |     306 |       0 |   0.0 |       4 |       0 |   0.0
      Sewer |       0 |     138 | 100.0 |       0 |       6 | 100.0
            +---------+---------+-------+---------+---------+-------
